 Dungeon Crawl Stone Soup version 0.28.0 (webtiles) character file.

Game seed: 14318677002682517436

15 lonewolfV2 the Covered (level 2, -1/27 HPs)
             Began as a Minotaur Fighter on Feb 10, 2022.
             Slain by a gnoll (2 damage)
             ... on level 1 of the Dungeon.
             The game lasted 00:00:49 (841 turns).

lonewolfV2 the Covered (Minotaur Fighter)            Turns: 841, Time: 00:00:49

Health: -1/27      AC:  7    Str: 20    XL:     2   Next: 34%
Magic:  1/1        EV:  9    Int:  5    God:
Gold:   54         SH:  4    Dex:  9    Spells: 1/1 levels left

rFire   . . .      SeeInvis .   a - +0 war axe
rCold   . . .      Faith    .   c - +0 buckler
rNeg    . . .      Spirit   .   b - +0 scale mail
rPois   .          Reflect  .   (helmet restricted)
rElec   .          Harm     .   (no cloak)
rCorr   .          Rampage  .   (no gloves)
Will    .....                   (no boots)
Stlth   ..........              (no amulet)
HPRegen 0.09/turn               (no ring)
MPRegen 0.07/turn               (no ring)

@: mighty
A: horns 2, retaliatory headbutt
a: no special abilities


You were on level 1 of the Dungeon.
You visited 1 branch of the dungeon, and saw 1 of its levels.

You collected 54 gold pieces.

Inventory:

Hand Weapons
 a - a +0 war axe (weapon)
Armour
 b - a +0 scale mail (worn)
 c - a +0 buckler (worn)


   Skills:
 + Level 4.0 Fighting
 + Level 2.7 Axes
 + Level 4.0 Armour
 + Level 0.1 Dodging
 + Level 3.7 Shields


You had one spell level left.
You didn't know any spells.
Your spell library contained the following spells:

 Spells                   Type           Power      Damage    Failure   Level
 Static Discharge         Conj/Air       0%         N/A       96%         2
 Mephitic Cloud           Conj/Pois/Air  0%         N/A       99%         3
 Simulacrum               Ice/Necr       0%         N/A       100%        6


Dungeon Overview and Level Annotations

Branches:
Dungeon (1/15)

Altars:


Innate Abilities, Weirdness & Mutations

You have a pair of horns on your head.
You reflexively headbutt those who attack you in melee.


Message History

The gnoll shouts!
You hit the goblin.
You kill the goblin!
The quokka bites you but does no damage.
You miss the quokka. Your headbutt misses the quokka. The quokka bites you.
The quokka bites you but does no damage.
You slash the quokka!
You kill the quokka!
You hit the endoplasm.
The endoplasm is moderately wounded.
The endoplasm barely misses you. The gnoll barely misses you.
The endoplasm freezes you.
You are frozen.
The gnoll closely misses you.
You completely miss the endoplasm.
The endoplasm is moderately wounded.
The endoplasm completely misses you.
The gnoll hits you from afar with a +0 spear.
You barely miss the endoplasm.
The endoplasm is moderately wounded.
The endoplasm freezes you.
You are frozen.
The gnoll hits you from afar with a +0 spear!
The endoplasm freezes you.
You are frozen.
* * * LOW HITPOINT WARNING * * *
You feel very mighty all of a sudden.
The gnoll hits you from afar with a +0 spear.
* * * LOW HITPOINT WARNING * * *
The endoplasm hits you but does no damage.
You hit the endoplasm.
You kill the endoplasm!
The gnoll hits you but does no damage.
The gnoll hits you from afar with a +0 spear.
* * * LOW HITPOINT WARNING * * *
Your Fighting skill increases to level 4!
Found a stone staircase leading down.
The gnoll barely misses you.
Things that are here:
a +0 dagger; a quokka corpse You closely miss the gnoll.
The gnoll hits you with a +0 spear.
You die...

#.........#
#.........#
.........
#......>
#...... . ...
#.#g# #
#.#@##.#
##......# #
......#(#### .#
.####.#.#####.#
##### #
#.#.......#
#...#
..##...###.###
#.#.† #......#
#.# #...#
......#.###.#
##.##
######......#
#.#


You could see a gnoll.

Vanquished Creatures
  An endoplasm (D:1)
  2 hobgoblins (D:1)
  3 quokkas (D:1)
  A ball python (D:1)
  2 bats (D:1)
  A frilled lizard (D:1)
  A goblin (D:1)
  2 kobolds (D:1)
  2 rats (D:1)
15 creatures vanquished.

Notes
Turn   | Place    | Note
-------+----------+-------------------------------------------
     0 | D:1      | lonewolfV2 the Minotaur Fighter began the quest for the
                  | Orb.
     0 | D:1      | Reached XP level 1. HP: 19/19 MP: 0/0
   447 | D:1      | Got the Incunabulum of Freezing Weightlessness
   739 | D:1      | Reached XP level 2. HP: 25/27 MP: 1/1
   839 | D:1      | HP: 1/27 [gnoll (3)]
   841 | D:1      | Slain by a gnoll

Illustrated notes

Levels and vault maps discovered:
D:1:      kennysheep_arrival_forest, layout_loops_cross, kennysheep_crisscross,
          serial_bayou_pond_d

Skill      XL: |  1  2 |
---------------+-------+-----
Armour         | 4 |  4.0
Fighting       | 4 |  4.0
Axes           | |  2.7
Dodging        | |  0.1
Shields        | |  3.7

Action                   || total
-------------------------++-------
Melee: War axe           ||    51
       Headbutt          ||     5
  Use: Scroll            ||     2
       Potion            ||     1
Armor: Scale mail        ||    31
Dodge: Dodged            ||    26
Block: Buckler           ||    13
